AoeStats
← THL

Pilgrims

510021303Analyzed
2v2 RM · 3d ago on Sep 29, 2026· 23m 2s· 4 players
Game mode
Random Map
Map size
Medium (4 player)
Population
200
Speed
Normal
Resources
Standard
Victory
Conquest
Starting age
Dark Age
Ending age
Imperial Age
RankedLock teamsTeams togetherTeam positionsShared explorationLock speedFull tech treeHidden civsTurbo modeCheats
Victory
Defeat
🇲🇽 Spanish · Mexico
1678
+13
🇲🇽 Huns · Mexico
1625
+15
🇲🇽 Dravidians · Mexico
1624
-14
🇻🇳 Huns · Vietnam
1601
-14
EL MAYA
8:37 Feudal Age
21:15 Wheelbarrow
THL
5:40 Loom
11:16 Feudal Age
15:18 Castle Age
14:52 Double-Bit Axe
15:48 Fletching
César UAM
7:59 Loom
10:09 Feudal Age
11:11 Double-Bit Axe
16:15 Scale Barding Armor
16:21 Forging
19:32 Castle Age
18:51 Bloodlines
19:52 Gold Mining
20:43 Husbandry
21:19 Chain Barding Armor
21:19 Fletching
loco_angel
6:34 Loom
9:00 Feudal Age
14:53 Gold Mining
22:38 Castle Age
21:01 Double-Bit Axe
23:43 Bow Saw
Connection lost

Rejoining the realm…

Still unreachable

The connection could not be restored.

Session expired

The server has moved on; the page needs a fresh start.